 Dungeon Crawl Stone Soup version 0.18.1-48-g4cf74bf (webtiles) character file.

650990 lyrx the Axe Maniac (level 27, -1/245 HPs)
             Began as a Hill Orc Berserker on Aug 27, 2016.
             Was the Champion of Trog.
             Slain by an Orb Guardian (4 damage)
             ... on level 5 of the Realm of Zot on Aug 31, 2016.
             The game lasted 11:24:33 (65646 turns).

lyrx the Axe Maniac (Hill Orc Berserker)           Turns: 65646, Time: 11:24:34

Health: -1/245     AC: 57    Str: 39    XL:     27
Magic:  0/42       EV: 14    Int:  5    God:    Trog [******]
Gold:   6682       SH:  0    Dex: 10    Spells: 0 memorised, 26 levels left

rFire  + + .     SeeInvis +     K - +11 executioner's axe "Maurorchi" {freeze, rN+ MR- Dex+2}
rCold  + . .     Gourm    .     B - +14 crystal plate armour
rNeg   + + +     Faith    .     (shield currently unavailable)
rPois  .         Spirit   +     C - +2 hat of the Bear Spirit {Spirit, +Rage rN+ MR++}
rElec  .         Dismiss  .     S - +2 cloak of Icwoonefex {rC+}
rCorr  .         Reflect  .     A - +4 pair of gloves of Articulation {rF+ Regen+ MP+9 Dex-2}
SustAt +         Harm     .     (boots unavailable)
MR     +++++     Clarity  +     U - amulet of regeneration
Stlth  .......... Rnd*Tele +    c - ring of Darkness {SustAt Str+4 Dex+4}
                                V - ring of Kagiekk Fuck {Fragile rN+ MR+++ Dex-2 SInv}

@: about to teleport, regenerating, slowed, very slow, almost entirely resistant
to hostile enchantments, extremely unstealthy
A: hooves 3, camouflage 1, blink, blurry vision 1, clarity, clumsy 1, dopey 1,
fire resistance 1, frail 1, low mp 1, strong 1, teleportitis 1, wild magic 1
a: Blink, Berserk, Trog's Hand, Brothers in Arms, Burn Spellbooks, Renounce
Religion, Evoke Berserk Rage
}: 3/15 runes: decaying, serpentine, silver


You were on level 5 of the Realm of Zot.
You worshipped Trog.
Trog was exalted by your worship.
You were hungry.

You visited 13 branches of the dungeon, and saw 58 of its levels.
You also visited: Labyrinth and Bailey.

You collected 8840 gold pieces.
You spent 2158 gold pieces at shops.

Inventory:

Hand Weapons
 l - a +9 vampiric executioner's axe
 m - the +13 battleaxe of Agony {drain, Dex+4 Stlth+}
   (Trog gifted it to you on level 1 of the Swamp)

   A truly terrible weapon, it drains the life of those it strikes.
   It affects your dexterity (+4).
   It makes you more stealthy.
 n - the +10 hand crossbow of Exquisite Torment {flame, rElec Dex+2}
   (You found it on level 4 of the Depths)

   It causes projectiles fired from it to burn those they strike, causing extra
   injury to most foes and up to half again as much damage against particularly
   susceptible opponents.
   It affects your dexterity (+2).
   It insulates you from electricity.
 q - the +8 mithril axe "Arga" {speed, MR+ Str+2}
   (You found it on level 4 of the Realm of Zot)

   Attacks with this weapon are significantly faster.
   It affects your strength (+2).
   It affects your resistance to hostile enchantments.
 K - the +11 executioner's axe "Maurorchi" (weapon) {freeze, rN+ MR- Dex+2}
   (Trog gifted it to you on level 5 of the Lair of Beasts)

   It has been specially enchanted to freeze those struck by it, causing extra
   injury to most foes and up to half again as much damage against particularly
   susceptible opponents.
   It can also slow down cold-blooded creatures.
   It affects your dexterity (+2).
   It protects you from negative energy.
   It affects your resistance to hostile enchantments.
Armour
 A - the +4 pair of gloves of Articulation (worn) {rF+ Regen+ MP+9 Dex-2}
   (You acquired it on level 2 of the Depths)

   It affects your dexterity (-2).
   It protects you from fire.
   It affects your magic capacity (+9).
   It increases your rate of regeneration.
 B - a +14 crystal plate armour (worn)
 C - the +2 hat of the Bear Spirit (worn) {Spirit, +Rage rN+ MR++}
   (You found it on level 1 of the Elven Halls)

   It protects you from negative energy.
   It affects your resistance to hostile enchantments.
   It lets you go berserk.
 J - the +2 helmet "Cajabom" {rC+ Slay+2}
   (You found it on level 3 of the Depths)

   It affects your accuracy and damage with ranged weapons and melee attacks
   (+2).
   It protects you from cold.
 L - a +0 gold dragon armour
 S - the +2 cloak of Icwoonefex (worn) {rC+}
   (You found it in a bailey)

   It protects you from cold.
Jewellery
 c - the ring of Darkness (right hand) {SustAt Str+4 Dex+4}
   (You found it on level 5 of the Vaults)

   [ring of sustain attributes]

   It sustains your strength, intelligence and dexterity.
   It affects your strength (+4).
   It affects your dexterity (+4).
 y - the ring of Nalag {rPois rF+ rN+ MP+9 Dex+2}
   (You found it on level 7 of the Dungeon)

   [ring of magical power]

   It affects your dexterity (+2).
   It protects you from fire.
   It protects you from poison.
   It protects you from negative energy.
   It affects your magic capacity (+9).
 I - the ring "Weufucs" {rPois rN+ Dex+3 Slay+3 Stlth-}
   (You found it on level 3 of the Crypt)

   [ring of positive energy]

   It affects your dexterity (+3).
   It affects your accuracy and damage with ranged weapons and melee attacks
   (+3).
   It protects you from poison.
   It protects you from negative energy.
   It makes you less stealthy.
 P - the amulet "Pejeloin" {+Rage MR+}
   (You found it on level 3 of the Elven Halls)

   [amulet of rage]

   It affects your resistance to hostile enchantments.
   It lets you go berserk.
 Q - an uncursed ring of wizardry {unknown}
 U - an amulet of regeneration (around neck)
 V - the ring of Kagiekk Fuck (left hand) {Fragile rN+ MR+++ Dex-2 SInv}
   (You took it off a deep elf demonologist on level 3 of the Elven Halls)

   [ring of positive energy]

   It affects your dexterity (-2).
   It protects you from negative energy.
   It affects your resistance to hostile enchantments.
   It lets you see invisible.
   It will be destroyed if unequipped.
 Z - the ring "Ditasim" {rF++ Str+3 Int+2}
   (You found it on level 4 of the Realm of Zot)

   [ring of strength]

   It affects your strength (+3).
   It affects your intelligence (+2).
   It greatly protects you from fire.
Wands
 a - a wand of iceblast (6/15)
 u - a wand of disintegration (8/24)
 w - a wand of teleportation (4/9)
 x - a wand of lightning (6/15)
 F - a wand of digging (13/24)
 R - a wand of lightning (7/15)
 T - a wand of heal wounds (0/9)
Scrolls
 d - 24 scrolls of teleportation
 e - 38 scrolls of identify
 j - 22 scrolls of remove curse
 o - 7 scrolls of blinking
 E - 2 scrolls of silence
 M - 11 scrolls of fear
 N - 7 scrolls of recharging
 O - 2 scrolls of enchant weapon
 Y - 7 scrolls of magic mapping
Potions
 b - 6 potions of might
 f - 10 potions of agility
 i - 4 potions of resistance
 k - 8 potions of haste
 s - 20 potions of curing
 t - a potion of heal wounds
 v - a potion of cancellation
 z - 9 potions of flight
Miscellaneous
 g - a lamp of fire
 h - a phantom mirror
 p - the horn of Geryon
 W - a legendary deck of summoning {drawn: 8}
 X - a phial of floods
Comestibles
 r - 5 chunks of flesh
 D - 37 fruits
 G - 22 bread rations
 H - 21 meat rations


   Skills:
 O Level 27 Fighting
 O Level 27 Axes
 - Level 2.0 Crossbows
 O Level 27 Armour
 * Level 15.0 Dodging
 - Level 21.0 Evocations


You had 26 spell levels left.
You didn't know any spells.

Dungeon Overview and Level Annotations

Branches:
Dungeon (15/15)            Temple (1/1) D:7            Lair (8/8) D:10
  Swamp (4/4) Lair:6        Snake (4/4) Lair:5        Slime (0/6) Lair:8
    Orc (2/2) D:12            Elf (3/3) Orc:2        Vaults (5/5) D:14
  Crypt (3/3) Vaults:2       Tomb (2/3) Crypt:3      Depths (5/5) D:15
   Hell (1/1)                 Dis (0/7) Hell            Geh (0/7) Hell
    Coc (0/7) Hell            Tar (0/7) Hell            Zot (5/5) Depths:5

Altars:
Ashenzari
Cheibriados
Dithmenos
Elyvilon
Fedhas
Gozag
Kikubaaqudgha
Makhleb
Nemelex Xobeh
Okawaru
Pakellas
Qazlal
Ru
Sif Muna
Trog
Vehumet
Xom
Yredelemnul
Zin
The Shining One
Beogh
Jiyva

Shops:
D:7 *[![   Orc:2 =(}?   Elf:1 ?   Elf:2 (   Depths:5 *(*

Portals:
Hell: Depths:1 Depths:2 Depths:3 Depths:4 Depths:5
Abyss: Depths:4
Pandemonium: Depths:3
Ziggurat: Depths:2


Innate Abilities, Weirdness & Mutations

You have hooves in place of feet.
Your skin changes colour to match your surroundings (Stealth).
You can translocate small distances at will.
Scrolls take you a little longer to read.
You possess an exceptional clarity of mind.
You are clumsy. (Dex -2)
You are dopey. (Int -2)
Your flesh is heat resistant.
You are frail (-10% HP).
Your magical capacity is low (-10% MP).
Your muscles are strong. (Str +2)
You are occasionally teleported next to monsters.
Your spells are a little harder to cast, but a little more powerful.


Message History

The electric golem shocks you!!
* * * LOW HITPOINT WARNING * * *
The electric golem hits you but does no damage. x3
The electric golem blinks!
The Killer Klown misses you. The Orb Guardian barely misses you.
The electric golem hits you but does no damage. x2
The electric golem barely misses you.
The electric golem hits you but does no damage.
The ice dragon misses you. The ice dragon claws you.
* * * LOW HITPOINT WARNING * * *
The ice dragon tramples you but does no damage.
The Orb Guardian hits you but does no damage.
The Killer Klown teases you.
* * * LOW HITPOINT WARNING * * *
The Killer Klown drains your vigour!
You feel as though you will be slow longer.
The Killer Klown honks.
The Killer Klown teases you but does no damage.
The Orb Guardian hits you.
You die...

.▓▓.................
.▓....!............
.....^......§8....
▓X................
▓.................
▓.....^z.p........
▓....†.p./........
▓....D*pp........
▓▓▓.zX@8X........
▓▓▓▓Xp.........
▓▓▓▓▓▓▓▓▓▓▓▓


You could see an orb of fire, 5 Killer Klowns, 2 electric golems, 2 death cobs,
an ice dragon and 4 Orb Guardians.

Vanquished Creatures
  An ancient lich (Vaults:5)
  2 orbs of fire
  Sojobo (Depths:5)
  The ghost of Elystan the Sabretooth, a legendary FeEn of Dithmenos (Zot:2)
  4 Killer Klowns
  4 curse toes
  9 golden dragons
  Geryon (Hell)
  Xtahua (Depths:5)
  Nikola (Elf:3)
  Jory (Vaults:4)
  18 tentacled monstrosities
  2 liches
  Rupert (Lair:4)
  2 Orb Guardians (Zot:5)
  A quicksilver dragon (Vaults:5)
  3 deep elf blademasters
  2 deep elf master archers (Elf:3)
  7 ancient champions
  6 death cobs
  6 tengu reavers
  12 sphinxes
  Agnes (Snake:1)
  A thorn hunter (Swamp:4)
  Frances (Depths:1)
  Gastronok (Lair:2)
  13 storm dragons
  8 shadow dragons
  A draconian monk (Zot:4)
  Roxanne (Swamp:4)
  8 fire giants
  5 revenants
  Maud (Lair:4)
  17 greater nagas
  17 frost giants
  11 vault wardens
  8 draconian knights
  4 draconian scorchers
  6 deep elf sorcerers
  2 balrugs (Hell)
  2 iron dragons
  2 draconian zealots
  Aizul (Snake:1)
  3 ghost moths
  An orc warlord (Depths:3)
  A spriggan defender (Depths:5)
  A draconian annihilator (Depths:5)
  3 draconian shifters
  2 ghouls (Crypt:3)
  2 war gargoyles
  6 very ugly things
  3 caustic shrike skeletons (Depths:4)
  9 reapers (Hell)
  6 deep elf elementalists (Elf:3)
  2 draconian callers
  16 ironheart preservers
  20 stone giants
  5 vampire knights
  2 salamander stormcallers
  7 deep elf demonologists
  10 green draconians
  2 yellow draconians (Zot:4)
  14 black draconians
  7 spark wasps
  6 white draconians
  10 red draconians
  A dire elephant (shapeshifter) (Vaults:5)
  2 dire elephants (Zot:2)
  7 deep elf annihilators
  3 lorocyprocas
  6 mottled draconians
  6 purple draconians
  9 ettins
  7 deep elf death magi
  A merfolk javelineer (Depths:4)
  2 green deaths (Hell)
  A minotaur (Lab)
  3 crystal guardians
  29 vault guards
  4 fire dragons (shapeshifter)
  8 eidola
  13 jiangshi
  7 deep elf high priests
  6 mummy priests (Tomb:1)
  Josephine (D:15)
  A merfolk impaler (Depths:3)
  18 fire dragons
  21 yaktaur captains
  2 great orbs of eyes (shapeshifter)
  5 rakshasas
  4 entropy weavers
  25 hydras
  The ghost of Inkary the Fighter, a journeyman HOFi of Beogh (Orc:2)
  10 spriggan air magi
  5 great orbs of eyes
  An entropy weaver (shapeshifter) (Depths:2)
  17 naga warriors
  15 ice dragons
  5 anacondas
  An ice dragon (shapeshifter) (Depths:2)
  2 quicksilver dragon skeletons (Depths:4)
  11 centaur warriors
  A queen ant (Lair:8)
  4 catoblepae
  7 deep troll earth magi
  27 dancing weapons
  A spectral stone giant (Crypt:3)
  5 tengu warriors
  A spectral frost giant (Crypt:3)
  3 death knights
  5 deep troll shamans
  15 ogre magi
  3 alligators
  5 hell hogs (Hell)
  17 death yaks (Lair:8)
  7 orc high priests
  5 spriggan berserkers
  9 vampire magi
  7 sun demons
  12 naga sharpshooters
  22 deep elf knights
  9 shadow wraiths
  7 shock serpents
  46 skeletal warriors
  4 titan skeletons
  3 soul eaters (Hell)
  16 hell knights
  An iron giant skeleton (Depths:4)
  5 salamander mystics
  2 fire crabs
  3 storm dragon skeletons (Depths:4)
  4 death scarabs (Tomb:1)
  2 spectral ghost moths (Crypt:3)
  2 spectral emperor scorpions (Crypt:3)
  A spectral catoblepas (Crypt:3)
  3 iron trolls
  2 spectral anacondas (Crypt:3)
  4 spriggan druids
  15 deep trolls
  4 unseen horrors
  8 hill giants
  A deep troll (shapeshifter) (Vaults:2)
  A ghost moth zombie (Tomb:1)
  15 swamp dragons
  An anaconda zombie (Hell)
  9 phantasmal warriors
  Pikel (D:6)
  11 flayed ghosts
  A spectral iron dragon (Crypt:3)
  4 giant orange brains
  11 ironbrand convokers
  A large abomination (Elf:3)
  A golden dragon zombie (Crypt:1)
  14 deep elf archers
  2 golden dragon skeletons (Depths:4)
  2 anubis guards (Tomb:1)
  4 shambling mangroves
  23 orc knights
  A wizard (Depths:4)
  7 mana vipers
  3 harpies (Vaults:5)
  8 griffons
  2 hornets
  6 naga ritualists
  7 orc sorcerers
  64 deep elf magi
  25 ugly things
  A sphinx zombie (Vaults:2)
  5 wolf spiders
  A tengu skeleton (Depths:4)
  8 necromancers
  A manticore (D:15)
  11 cyclopes
  16 salamanders
  A spectral fire dragon (Crypt:3)
  4 spectral ice dragons (Crypt:3)
  13 moths of wrath
  A moth of wrath (shapeshifter) (Vaults:5)
  A shadow dragon skeleton (Depths:4)
  A frost giant skeleton (Depths:4)
  A shock serpent zombie (Hell)
  12 guardian serpents
  An iron dragon skeleton (Depths:4)
  The ghost of Bodigarde the Magician, a novice HEAE (D:6)
  20 vault sentinels
  4 guardian serpents (shapeshifter)
  4 rust devils
  A water nymph (shapeshifter) (Depths:2)
  Psyche (D:9)
  3 centaur zombies
  A dire elephant zombie (Hell)
  25 naga magi
  An ice statue (Hell)
  An octopode (shapeshifter) (Vaults:3)
  3 smoke demons (Hell)
  29 black mambas
  8 elephants
  An alligator snapping turtle zombie (Crypt:2)
  A gargoyle (D:13)
  A stone giant skeleton (Vaults:2)
  4 fire giant skeletons
  A mottled draconian zombie (Crypt:2)
  2 spriggan skeletons (Depths:4)
  A storm dragon simulacrum (Tomb:1)
  A sea snake zombie (Crypt:2)
  20 spiny frogs
  A dire elephant skeleton (Crypt:3)
  3 efreet
  5 spectral swamp worms (Depths:4)
  4 kobold demonologists
  66 yaktaurs
  3 rime drakes
  2 demonic crawlers (Hell)
  3 hellions
  24 freezing wraiths
  A yaktaur (shapeshifter) (Vaults:1)
  6 komodo dragons
  2 tengu conjurers
  A yaktaur skeleton (Vaults:3)
  An anaconda simulacrum (Depths:2)
  6 red devils (Hell)
  3 hydra zombies (Hell)
  9 guardian mummies
  2 polar bears
  A merfolk (D:9)
  A polar bear (shapeshifter) (Vaults:4)
  A jumping spider (Vaults:4)
  31 two-headed ogres
  6 trolls
  A hydra skeleton (Hell)
  12 blink frogs
  A blink frog (shapeshifter) (Vaults:1)
  A harpy skeleton (Crypt:1)
  7 bog bodies
  7 giant leeches
  7 ushabtiu (Tomb:1)
  A spectral swamp dragon (Crypt:3)
  10 boulder beetles
  55 slime creatures
  A boulder beetle (shapeshifter) (Vaults:5)
  23 flying skulls
  8 air elementals
  An elf skeleton (Depths:4)
  Sigmund (D:6)
  2 wyverns
  4 spriggans
  7 shadows
  2 tarantellas (Depths:3)
  16 wraiths
  11 redbacks
  A black mamba zombie (Tomb:1)
  80 yaks
  A fire bat (shapeshifter) (Vaults:1)
  A fire dragon skeleton (Tomb:1)
  7 water elementals
  8 fire elementals
  9 humans (Zot:2)
  2 tarantellas (shapeshifter)
  A human (shapeshifter) (Vaults:1)
  11 hippogriffs
  3 basilisks
  4 hungry ghosts
  27 vampire mosquitoes
  A steam dragon (Lair:8)
  3 mottled dragons
  A gelid demonspawn zombie (Crypt:1)
  12 insubstantial wisps
  11 soldier ants
  8 wargs
  A harpy simulacrum (Depths:2)
  A merfolk zombie (Crypt:1)
  19 swamp worms
  A warg (shapeshifter) (Elf:2)
  A deep troll zombie (Vaults:3)
  3 hydra simulacra
  50 nagas
  A spectral snapping turtle (Crypt:3)
  21 water moccasins
  5 hell hounds (Hell)
  2 giant eyeballs (Depths:3)
  83 orc warriors
  8 porcupines
  3 swamp drakes
  10 wasps
  6 ice beasts
  2 sky beasts
  4 slaves (D:6)
  4 black bears
  3 necrophages
  3 phantoms
  An alligator simulacrum (Hell)
  4 eyes of draining
  17 boggarts
  7 wolves
  29 centaurs
  61 ogres
  The ghost of Bodigarde the Shooter, an amateur HEHu of Okawaru (D:4)
  A spectral human (Crypt:3)
  20 crocodiles
  A hog skeleton (Crypt:2)
  3 elf zombies
  27 giant frogs
  A human skeleton (Vaults:2)
  7 big kobolds
  2 earth elementals
  A glowing shapeshifter simulacrum (Vaults:3)
  A dryad skeleton (Crypt:3)
  A salamander skeleton (Crypt:3)
  2 scorpions
  A boulder beetle zombie (Crypt:3)
  6 killer bees (D:10)
  17 wights
  6 howler monkeys
  8 electric eels
  15 crimson imps
  4 giant frog zombies
  6 human zombies
  A quasit (D:9)
  11 hounds
  A jelly (D:15)
  49 orc priests
  A wasp zombie (Crypt:3)
  4 iron imps (Hell)
  33 orc wizards
  7 centaur skeletons
  3 giant frog skeletons (D:13)
  7 iguanas
  A worker ant (shapeshifter) (Vaults:5)
  15 hell rats
  20 worker ants
  2 porcupine skeletons (Crypt:1)
  27 sheep
  A naga skeleton (Tomb:1)
  A felid skeleton (Crypt:3)
  A mottled dragon skeleton (Crypt:2)
  A hound zombie (D:6)
  2 hound skeletons
  12 mummies
  2 worker ant zombies
  Robin (D:3)
  11 gnolls
  4 howler monkey skeletons
  100 river rats
  10 adders
  3 shadow imps
  A halfling zombie (Crypt:1)
  A sheep zombie (Crypt:2)
  2 adder skeletons
  A lava snake skeleton (Crypt:1)
  7 worms
  3 dart slugs
  2 giant geckos
  158 orcs
  2 giant cockroaches (D:6)
  23 goblins
  20 hobgoblins
  8 jackals
  7 quokkas
  4 ball pythons
  A ball python skeleton (D:4)
  12 bats
  A giant gecko zombie (D:7)
  3 giant newts
  A giant newt skeleton (Crypt:3)
  A giant newt zombie (Crypt:3)
  16 kobolds
  A kobold simulacrum (Crypt:3)
  A quokka skeleton (D:4)
  A quokka zombie (D:8)
  25 rats
  A river rat zombie (Crypt:2)
  11 briar patches
  A bush (Lair:7)
  2 butterflies
  2 crawling corpses (Elf:3)
  11 fungi
  29 plants
3051 creatures vanquished.

Vanquished Creatures (collateral kills)
  A greater mummy (Tomb:1)
  2 Orb Guardians (Zot:5)
  2 thorn hunters
  A tengu reaver (Depths:5)
  A large abomination (Elf:3)
  A deep elf sorcerer (Elf:3)
  An orc warlord (Orc:2)
  A greater naga (Snake:4)
  A deep elf elementalist (Elf:3)
  5 deep elf demonologists (Elf:3)
  A deep elf annihilator (Elf:3)
  2 deep elf high priests (Elf:3)
  2 naga warriors
  3 hydras (Swamp:4)
  An anaconda (Snake:3)
  A centaur warrior (D:13)
  A tengu warrior (D:15)
  A naga sharpshooter (Snake:3)
  A small abomination (Elf:3)
  A swamp dragon (Swamp:4)
  An orc sorcerer (Elf:3)
  A deep elf mage (Elf:2)
  3 slime creatures
  A moth of wrath (Zot:5)
  An orc knight (D:15)
  A salamander (Snake:4)
  A black mamba (Snake:3)
  2 kobold demonologists (D:13)
  A tengu conjurer (D:15)
  3 bog bodies (Swamp:4)
  A yak (D:14)
  A basilisk (D:12)
  Edmund (D:6)
  A naga (Snake:4)
  A swamp worm (Swamp:4)
  4 swamp drakes (Swamp:4)
  3 orc warriors (Orc:2)
  A centaur (D:13)
  A big kobold (D:13)
  2 orc priests (Orc:2)
  2 orc wizards (Orc:2)
  5 orcs
  2 kobolds (D:13)
  2 crawling corpses (Elf:3)
72 creatures vanquished.

Vanquished Creatures (others)
  A titan (Vaults:5)
  A water elemental (Depths:3)
  An ogre (Vaults:4)
  A boggart (Vaults:2)
  A wolf (Lair:6)
  A mummy (Tomb:1)
  2 orcs (D:15)
  A fire vortex (Hell)
  33 fungi
  6 lost souls
  18 plants
66 creatures vanquished.

Grand Total: 3189 creatures vanquished

Notes
Turn   | Place    | Note
--------------------------------------------------------------
     0 | D:1      | lyrx the Hill Orc Berserker began the quest for the Orb.
     0 | D:1      | Reached XP level 1. HP: 19/19 MP: 1/1
   154 | D:1      | Reached XP level 2. HP: 19/26 MP: 2/2
   232 | D:1      | Reached skill level 5 in Axes
   261 | D:1      | Found a sparkling altar of Nemelex Xobeh.
   490 | D:1      | Reached XP level 3. HP: 31/31 MP: 3/3
   789 | D:2      | Reached ** piety under Trog
   883 | D:2      | Reached XP level 4. HP: 39/39 MP: 4/4
   931 | D:2      | Found a glowing silver altar of Zin.
   947 | D:2      | Found a burning altar of Makhleb.
  1085 | D:2      | Reached XP level 5. HP: 45/45 MP: 5/5
  1114 | D:2      | Found a deep blue altar of Sif Muna.
  1467 | D:3      | Reached *** piety under Trog
  1684 | D:3      | Reached XP level 6. HP: 42/51 MP: 6/6
  2037 | D:3      | Noticed Robin
  2049 | D:3      | Killed Robin
  2393 | D:3      | Found an oddly glowing altar of Pakellas.
  2696 | D:4      | Noticed Bodigarde's ghost (amateur HEHu)
  2704 | D:4      | Killed Bodigarde's ghost
  2771 | D:4      | Reached skill level 10 in Axes
  2771 | D:4      | Reached XP level 7. HP: 53/57 MP: 7/7
  3616 | D:5      | Entered Level 5 of the Dungeon
  3689 | D:5      | Reached **** piety under Trog
  3834 | D:5      | Reached XP level 8. HP: 64/64 MP: 8/8
  4097 | D:5      | Noticed a wraith
  4107 | D:5      | Killed a wraith
  4154 | D:5      | Found a snail-covered altar of Cheibriados.
  4386 | D:6      | Noticed Edmund
  4396 | D:6      | Killed Edmund
  4431 | D:6      | Noticed Bodigarde's ghost (novice HEAE)
  4433 | D:6      | Noticed Pikel
  4448 | D:6      | Killed Bodigarde's ghost
  4448 | D:6      | Reached XP level 9. HP: 34/70 MP: 9/9
  4452 | D:6      | Killed Pikel
  4452 | D:6      | Reached skill level 15 in Axes
  4674 | D:6      | Gained mutation: You are agile. (Dex +2) [potion of mutation]
  4674 | D:6      | Gained mutation: Your spells are a little harder to cast, but a little more powerful. [potion of mutation]
  4674 | D:6      | Gained mutation: Your movements are slightly less encumbered by armour (ER -2). [potion of mutation]
  4894 | D:6      | Noticed Sigmund
  4903 | D:6      | Killed Sigmund
  4909 | D:6      | Gained mutation: You occasionally shout uncontrollably at your foes. [potion of mutation]
  5177 | D:7      | Found a staircase to the Ecumenical Temple.
  5207 | D:7      | Reached XP level 10. HP: 59/77 MP: 1/10
  5247 | Temple   | Entered the Ecumenical Temple
  5679 | D:7      | Found Quneirch's Distillery.
  5693 | D:7      | Found Yfawil's Armour Shoppe.
  5721 | D:7      | Found Koluosuq's Antique Armour Shop.
  5784 | D:7      | Got a flickering brass ring
  5785 | D:7      | Identified the ring of Nalag {rPois rF+ rN+ MP+9 Dex+2} (You found it on level 7 of the Dungeon)
  5974 | D:7      | Found Latz's General Store.
  5986 | D:7      | Bought a scroll of teleportation for 39 gold pieces
  6441 | D:8      | Got a smoking hand crossbow
  6664 | D:8      | Found a stormy altar of Qazlal.
  6992 | D:8      | Found a basalt altar of Yredelemnul.
  7324 | D:9      | Identified the +5 hand crossbow of Jiv Gopp {velocity, *Confuse rElec MP+9} (You found it on level 8 of the Dungeon)
  7579 | D:9      | Reached ***** piety under Trog
  7637 | D:9      | Found an iron altar of Okawaru.
  7638 | D:9      | Noticed Psyche
  7646 | D:9      | Killed Psyche
  7646 | D:9      | Reached XP level 11. HP: 82/82 MP: 11/11
  7888 | D:9      | Found a shimmering altar of Xom.
  8308 | D:10     | Entered Level 10 of the Dungeon
  8428 | D:10     | Received a gift from Trog
  8541 | D:10     | Found a staircase to the Lair.
  8639 | D:10     | Noticed a hill giant
  8645 | D:10     | Killed a hill giant
  8716 | D:10     | Lost mutation: Your movements are slightly less encumbered by armour (ER -2). [potion of cure mutation]
  8716 | D:10     | Lost mutation: You occasionally shout uncontrollably at your foes. [potion of cure mutation]
  8716 | D:10     | Lost mutation: You are agile. (Dex +2) [potion of cure mutation]
  8716 | D:10     | Lost mutation: Your spells are a little harder to cast, but a little more powerful. [potion of cure mutation]
  8946 | D:11     | Noticed a red ugly thing
  8954 | D:11     | Killed a red ugly thing
  8973 | D:11     | Gained mutation: You are dopey. (Int -2) [mutagenic meat]
  9074 | D:11     | Found a labyrinth entrance.
  9081 | Lab      | Entered a labyrinth
  9224 | Lab      | Noticed a minotaur
  9229 | Lab      | Killed a minotaur
  9303 | D:11     | Reached XP level 12. HP: 90/90 MP: 12/12
  9899 | D:11     | Received a gift from Trog
 10968 | D:12     | Found a staircase to the Orcish Mines.
 11185 | D:12     | Reached skill level 1 in Evocations
 11688 | D:12     | Reached XP level 13. HP: 91/95 MP: 13/13
 11960 | D:13     | Received a gift from Trog
 12244 | D:13     | Found a flagged portal.
 12340 | Bailey   | Entered a bailey
 12490 | Bailey   | Found an iron altar of Okawaru.
 13013 | Bailey   | Got a bloodstained cloak
 13041 | Bailey   | Identified the +2 cloak of Icwoonefex {rC+} (You found it in a bailey)
 14127 | D:14     | Received a gift from Trog
 14353 | D:14     | Found a gate to the Vaults.
 14655 | D:14     | Reached XP level 14. HP: 102/102 MP: 14/14
 14684 | D:14     | Gained mutation: You are agile. (Dex +2) [mutagenic meat]
 14685 | D:14     | Gained mutation: You have an increased reservoir of magic (+10% MP). [mutagenic meat]
 14927 | D:15     | Entered Level 15 of the Dungeon
 14976 | D:15     | Noticed Josephine
 14988 | D:15     | Killed Josephine
 15331 | D:15     | Reached skill level 27 in Axes
 15364 | D:15     | Reached skill level 1 in Crossbows
 15800 | D:7      | Bought a potion of curing for 48 gold pieces
 15800 | D:7      | Bought a potion of heal wounds for 80 gold pieces
 15823 | D:7      | Bought a wand of teleportation (5/9) for 351 gold pieces
 16237 | D:15     | Reached skill level 5 in Armour
 16257 | D:15     | Received a gift from Trog
 16290 | D:15     | Gained mutation: You are weak. (Str -2) [a neqoxec]
 16702 | D:15     | Noticed a frost giant
 16760 | D:15     | Killed a frost giant
 17017 | D:15     | Found a staircase to the Depths.
 17396 | Orc:1    | Entered Level 1 of the Orcish Mines
 17400 | Orc:1    | Found a roughly hewn altar of Beogh.
 17910 | Orc:2    | Entered Level 2 of the Orcish Mines
 18074 | Orc:2    | Found a roughly hewn altar of Beogh.
 18192 | Orc:2    | Found Xiahod's Magic Scroll Emporium.
 18208 | Orc:2    | Reached skill level 10 in Armour
 18223 | Orc:2    | Found Lodd's Gadget Shoppe.
 18235 | Orc:2    | Reached XP level 15. HP: 87/107 MP: 17/17
 18278 | Orc:2    | Bought a wand of heal wounds (3/9) for 546 gold pieces
 18396 | Orc:2    | Received a gift from Trog
 18470 | Orc:2    | Noticed Inkary's ghost (journeyman HOFi)
 18488 | Orc:2    | Killed Inkary's ghost
 18655 | Orc:2    | Received a gift from Trog
 18809 | Orc:2    | Found a staircase to the Elven Halls.
 18933 | Orc:2    | Got a warped brass ring
 18935 | Orc:2    | Identified the ring "Baibrof" {+Inv Str+5} (You found it on level 2 of the Orcish Mines)
 19246 | Orc:2    | Noticed an orc warlord
 19254 | Orc:2    | Found a roughly hewn altar of Beogh.
 19258 | Orc:2    | Killed an orc warlord
 19509 | Orc:2    | Found Uhau's Jewellery Shoppe.
 19582 | Orc:2    | Found Keng's Weapon Shop.
 19754 | Orc:2    | Bought a scroll of magic mapping for 49 gold pieces
 19754 | Orc:2    | Bought a scroll of acquirement for 728 gold pieces
 19925 | Lair:1   | Entered Level 1 of the Lair of Beasts
 20075 | Lair:1   | Reached ****** piety under Trog
 20245 | Lair:1   | Gained mutation: You have large cloven feet. [potion of mutation]
 20706 | Lair:2   | Noticed Gastronok
 20718 | Lair:2   | Killed Gastronok
 20783 | Lair:2   | Received a gift from Trog
 21355 | Lair:3   | You fall through a shaft for 2 floors!
 21567 | Lair:3   | Lost mutation: You are weak. (Str -2) [potion of mutation]
 21567 | Lair:3   | Gained mutation: Armour fits poorly on your strangely shaped body. [potion of mutation]
 21568 | Lair:3   | Lost mutation: You are dopey. (Int -2) [potion of cure mutation]
 21568 | Lair:3   | Lost mutation: Armour fits poorly on your strangely shaped body. [potion of cure mutation]
 21685 | Lair:3   | Received a gift from Trog
 22390 | Lair:4   | Noticed Rupert
 22395 | Lair:4   | Noticed Maud
 22399 | Lair:4   | Killed Rupert
 22405 | Lair:4   | Killed Maud
 23192 | Lair:5   | Reached skill level 15 in Armour
 23527 | Lair:4   | Reached XP level 16. HP: 74/115 MP: 18/18
 23728 | Lair:5   | Got an encrusted longbow
 23729 | Lair:5   | Identified the +5 longbow "Soseehel" {freeze, rElec} (You found it on level 5 of the Lair of Beasts)
 23771 | Lair:5   | Found a staircase to the Snake Pit.
 24153 | Lair:5   | Received a gift from Trog
 24171 | Lair:5   | Got a bloodstained executioner's axe {god gift}
 24172 | Lair:5   | Identified the +11 executioner's axe "Maurorchi" {freeze, rN+ MR- Dex+2} (Trog gifted it to you on level 5 of the Lair of Beasts)
 24999 | Lair:6   | Received a gift from Trog
 25004 | Lair:6   | Found a staircase to the Swamp.
 26010 | Lair:7   | Received a gift from Trog
 26399 | Lair:8   | Entered Level 8 of the Lair of Beasts
 26652 | Lair:8   | Received a gift from Trog
 26743 | Lair:8   | Found a viscous altar of Jiyva.
 26765 | Lair:8   | Found a staircase to the Slime Pits.
 27221 | Lair:8   | Got a smoking hand crossbow
 27222 | Lair:8   | Identified the +5 hand crossbow "Pinwofet" {freeze, *Contam rElec rF+ rC++} (You found it on level 8 of the Lair of Beasts)
 27249 | Lair:8   | Gained mutation: You are dopey. (Int -2) [mutagenic glow]
 27811 | Snake:1  | Entered Level 1 of the Snake Pit
 27817 | Snake:1  | Noticed Aizul
 27836 | Snake:1  | Killed Aizul
 27846 | Snake:1  | Reached XP level 17. HP: 69/121 MP: 19/19
 27907 | Snake:1  | Noticed Agnes
 27916 | Snake:1  | Killed Agnes
 28361 | Snake:1  | Received a gift from Trog
 29149 | Snake:2  | You fall through a shaft!
 30174 | Snake:3  | Received a gift from Trog
 31355 | Snake:4  | Entered Level 4 of the Snake Pit
 31373 | Snake:4  | Reached XP level 18. HP: 127/127 MP: 20/20
 31488 | Snake:4  | Received a gift from Trog
 32031 | Snake:4  | Lost mutation: You are agile. (Dex +2) [mutagenic meat]
 32238 | Snake:4  | Received a gift from Trog
 32324 | Snake:4  | Gained mutation: Your body sometimes deteriorates upon taking damage. [mutagenic meat]
 32327 | Snake:4  | Gained mutation: You have hoof-like feet. [mutagenic meat]
 32330 | Snake:4  | Lost mutation: You are dopey. (Int -2) [mutagenic meat]
 32331 | Snake:4  | Gained mutation: Your muscles are strong. (Str +2) [mutagenic meat]
 32332 | Snake:4  | Gained mutation: Your muscles are very strong. (Str +4) [mutagenic meat]
 32333 | Snake:4  | Gained mutation: Your spells are a little easier to cast, but a little less powerful. [mutagenic meat]
 32334 | Snake:4  | Lost mutation: Your muscles are very strong. (Str +4) [mutagenic meat]
 32336 | Snake:4  | Gained mutation: Your flesh is heat resistant. [mutagenic meat]
 32337 | Snake:4  | Lost mutation: You have an increased reservoir of magic (+10% MP). [mutagenic meat]
 32475 | Snake:4  | Got a serpentine rune of Zot
 33044 | Snake:4  | Lost mutation: Your spells are a little easier to cast, but a little less powerful. [mutagenic meat]
 33045 | Snake:4  | Gained mutation: Your mind is acute. (Int +2) [mutagenic meat]
 33046 | Snake:4  | Gained mutation: You have a pair of small horns on your head. [mutagenic meat]
 33548 | Swamp:1  | Entered Level 1 of the Swamp
 33749 | Swamp:1  | Received a gift from Trog
 33752 | Swamp:1  | Got a pitted battleaxe {god gift}
 33753 | Swamp:1  | Identified the +13 battleaxe of Agony {drain, Dex+4 Stlth+} (Trog gifted it to you on level 1 of the Swamp)
 34036 | Swamp:1  | Found a shimmering altar of Xom.
 34399 | Swamp:2  | Reached XP level 19. HP: 121/133 MP: 19/19
 36155 | Swamp:4  | Entered Level 4 of the Swamp
 36167 | Swamp:4  | Received a gift from Trog
 36389 | Swamp:4  | Noticed Roxanne
 36644 | Swamp:4  | Got a decaying rune of Zot
 36836 | Swamp:4  | Killed Roxanne
 37331 | Elf:1    | Entered Level 1 of the Elven Halls
 37414 | Elf:1    | Found Ulixik's Magic Scroll Emporium.
 37426 | Elf:1    | Bought a scroll of enchant weapon for 97 gold pieces
 37426 | Elf:1    | Bought a scroll of recharging for 123 gold pieces
 37426 | Elf:1    | Bought a scroll of enchant weapon for 97 gold pieces
 37589 | Elf:1    | Lost mutation: You have a pair of small horns on your head. [mutagenic meat]
 37591 | Elf:1    | Gained mutation: Your skin changes colour to match your surroundings (Stealth). [mutagenic meat]
 37738 | Elf:1    | Got a clouded granite ring
 37780 | Elf:1    | Identified the ring "Vaudd" {SustAt rElec rN+ Str-3} (You found it on level 1 of the Elven Halls)
 37957 | Elf:1    | Found an ancient bone altar of Kikubaaqudgha.
 38143 | Elf:1    | Received a gift from Trog
 38391 | Elf:1    | Lost mutation: Your mind is acute. (Int +2) [potion of mutation]
 38391 | Elf:1    | Gained mutation: You can translocate small distances at will. [potion of mutation]
 38392 | Elf:1    | Gained mutation: You evolve. [potion of mutation]
 38392 | Elf:1    | Lost mutation: You have hoof-like feet. [potion of mutation]
 38561 | Elf:2    | Found Jady's Antique Weapon Emporium.
 38748 | Elf:2    | Reached XP level 20. HP: 135/140 MP: 20/20
 38782 | Elf:2    | Found a huge runed gate.
 38782 | Elf:2    | Found a huge runed gate.
 38782 | Elf:2    | Found a huge runed gate.
 38782 | Elf:2    | Found a huge runed gate.
 38784 | Elf:2    | Found a huge runed gate.
 39256 | Elf:2    | Received a gift from Trog
 39259 | Elf:2    | Got a dazzling battleaxe {god gift}
 39653 | Elf:3    | Entered Level 3 of the Elven Halls
 39933 | Elf:3    | Noticed Nikola
 39941 | Elf:3    | Killed Nikola
 40165 | Elf:3    | Noticed a Brimstone Fiend
 40219 | Elf:3    | Received a gift from Trog
 40221 | Elf:3    | Noticed a Tzitzimitl
 40269 | Elf:3    | Noticed a Tzitzimitl
 40269 | Elf:3    | Reached skill level 27 in Armour
 40366 | Elf:3    | Reached skill level 5 in Fighting
 40584 | Elf:3    | Got a smoking lapis lazuli ring
 40586 | Elf:3    | Identified the ring of Kagiekk Fuck {Fragile rN+ MR+++ Dex-2 SInv} (You took it off a deep elf demonologist on level 3 of the Elven Halls)
 40661 | Elf:3    | Got an ancient helmet
 40672 | Elf:3    | Identified the +2 helmet "Unupnely" {Str-5 Dex+10} (You found it on level 3 of the Elven Halls)
 40695 | Elf:3    | Got a twisted chain mail
 40706 | Elf:3    | Identified the +1 chain mail "Uxkoaggo" {rCorr Str+3} (You found it on level 3 of the Elven Halls)
 40724 | Elf:3    | Got a bound diamond amulet
 40725 | Elf:3    | Identified the amulet "Pejeloin" {+Rage MR+} (You found it on level 3 of the Elven Halls)
 40772 | Elf:3    | Got a jewelled ring mail
 40785 | Elf:3    | Identified the +2 ring mail of Starshine {Str+3 Int+6 Stlth-} (You found it on level 3 of the Elven Halls)
 41452 | Lair:2   | Identified the +2 battleaxe of Ciapt {chop, rF+ Int-2 Dex+3} (Trog gifted it to you on level 2 of the Elven Halls)
 41815 | Vaults:1 | Entered Level 1 of the Vaults
 42054 | Vaults:1 | Reached XP level 21. HP: 143/159 MP: 21/21
 42400 | Vaults:1 | Reached skill level 10 in Fighting
 42761 | Vaults:1 | Received a gift from Trog
 42796 | Vaults:1 | Got a dazzling battleaxe {god gift}
 42797 | Vaults:1 | Identified the +10 battleaxe of Untruth {elec, rElec Str-5 Int+4} (Trog gifted it to you on level 1 of the Vaults)
 43241 | Vaults:1 | Gained mutation: You have hoof-like feet. [evolution]
 43472 | Vaults:2 | Received a gift from Trog
 43926 | Vaults:2 | Found a staircase to the Crypt.
 44307 | Vaults:2 | Reached skill level 15 in Fighting
 44349 | Vaults:2 | Received a gift from Trog
 44663 | Vaults:3 | Reached XP level 22. HP: 150/194 MP: 22/22
 45153 | Vaults:3 | Received a gift from Trog
 45341 | Vaults:3 | Received a gift from Trog
 45406 | Vaults:3 | Got a transparent cloak
 45417 | Vaults:3 | Identified the +2 cloak of Valour {+Fly Dex-4 SInv Stlth+} (You acquired it on level 3 of the Vaults)
 45717 | Vaults:4 | Received a gift from Trog
 46318 | Vaults:4 | Received a gift from Trog
 46842 | Vaults:4 | Noticed Jory
 46851 | Vaults:4 | Killed Jory
 47096 | Vaults:2 | Gained mutation: You have hooves in place of feet. [evolution]
 47107 | Crypt:1  | Entered Level 1 of the Crypt
 48294 | Crypt:2  | Reached XP level 23. HP: 215/215 MP: 23/23
 48322 | Crypt:2  | Gained mutation: You rapidly evolve. [potion of beneficial mutation]
 48824 | Crypt:3  | Entered Level 3 of the Crypt
 49598 | Crypt:3  | Received a gift from Trog
 49626 | Crypt:3  | Found a staircase to the Tomb.
 50127 | Crypt:3  | Got a brightly glowing granite ring
 50127 | Crypt:3  | Got a shimmering tin ring
 50218 | Crypt:3  | Identified the ring "Weufucs" {rPois rN+ Dex+3 Slay+3 Stlth-} (You found it on level 3 of the Crypt)
 50220 | Crypt:3  | Identified the ring "Gybaecw" {rElec rPois rF+ rN+} (You found it on level 3 of the Crypt)
 50443 | Tomb:1   | Entered Level 1 of the Tomb of the Ancients
 50501 | Tomb:1   | Lost mutation: You rapidly evolve. [evolution]
 51700 | Lair:2   | Gained mutation: Your spells are a little harder to cast, but a little more powerful. [potion of beneficial mutation]
 51963 | Depths:1 | Entered Level 1 of the Depths
 52238 | Depths:1 | Received a gift from Trog
 52504 | Depths:1 | Reached XP level 24. HP: 231/236 MP: 22/23
 52506 | Depths:1 | Noticed Frances
 52531 | Depths:1 | Killed Frances
 52865 | Depths:1 | Found a gateway to Hell.
 53165 | Depths:2 | Received a gift from Trog
 53705 | Depths:2 | Received a gift from Trog
 53734 | Depths:2 | Got a pair of heavily runed gloves
 53745 | Depths:2 | Identified the +4 pair of gloves of Articulation {rF+ Regen+ MP+9 Dex-2} (You acquired it on level 2 of the Depths)
 53752 | Depths:2 | Found a gateway to a ziggurat.
 54183 | Depths:3 | Found a one-way gate leading to the halls of Pandemonium.
 54623 | Depths:3 | Received a gift from Trog
 54688 | Depths:3 | Got a scorched helmet
 54699 | Depths:3 | Identified the +2 helmet "Cajabom" {rC+ Slay+2} (You found it on level 3 of the Depths)
 54873 | Depths:3 | Found a roughly hewn altar of Beogh.
 55419 | Depths:4 | Reached XP level 25. HP: 234/255 MP: 23/23
 55613 | Depths:4 | Reached skill level 27 in Fighting
 55716 | Depths:4 | Got a twisted hand crossbow
 55718 | Depths:4 | Identified the +10 hand crossbow of Exquisite Torment {flame, rElec Dex+2} (You found it on level 4 of the Depths)
 55750 | Depths:4 | Received a gift from Trog
 55763 | Depths:4 | Reached skill level 5 in Evocations
 55994 | Depths:4 | Found a one-way gate to the infinite horrors of the Abyss.
 56040 | Depths:5 | Entered Level 5 of the Depths
 56105 | Depths:5 | Noticed Sojobo
 56118 | Depths:5 | Killed Sojobo
 56161 | Depths:5 | Found Vewn's Weapon Emporium.
 56200 | Depths:5 | Found Efoh's General Store.
 56327 | Depths:5 | Received a gift from Trog
 56343 | Depths:5 | Found a sparkling altar of Nemelex Xobeh.
 56419 | Depths:5 | Noticed Xtahua
 56426 | Depths:5 | Killed Xtahua
 56448 | Depths:5 | Reached skill level 10 in Evocations
 56530 | Depths:5 | Found a gate to the Realm of Zot.
 56606 | Depths:5 | Found Cepsagh's General Store.
 57493 | Tomb:1   | Noticed a greater mummy
 57501 | Tomb:1   | Killed a greater mummy
 58002 | Tomb:2   | Noticed a greater mummy
 58002 | Tomb:2   | Noticed a greater mummy
 58003 | Tomb:2   | Noticed a greater mummy
 58007 | Tomb:2   | Noticed an ancient lich
 58320 | Vaults:5 | Entered Level 5 of the Vaults
 58333 | Vaults:5 | Reached XP level 26. HP: 197/266 MP: 31/32
 58360 | Vaults:5 | Received a gift from Trog
 58370 | Vaults:5 | Received a gift from Trog
 58628 | Vaults:5 | Reached skill level 15 in Evocations
 58647 | Vaults:5 | Gained mutation: You possess an exceptional clarity of mind. [evolution]
 58859 | Vaults:5 | Received a gift from Trog
 58880 | Vaults:5 | Got a translucent hand axe {god gift}
 59063 | Vaults:5 | Noticed an ancient lich
 59078 | Vaults:5 | Killed an ancient lich
 59345 | Vaults:5 | Reached XP level 27. HP: 245/273 MP: 35/35
 59363 | Vaults:5 | Received a gift from Trog
 59493 | Vaults:5 | Got a coiled steel ring
 59711 | Vaults:5 | Got a silver rune of Zot
 59735 | Vaults:5 | Identified the ring "Xookh" {Wiz *Confuse rPois MP+9 Dex+5} (You took it off a deep elf sorcerer on level 5 of the Vaults)
 59970 | Vaults:5 | Got a scorched bone ring
 60038 | Vaults:5 | Got a twisted ring mail
 60064 | Vaults:5 | Identified the cursed +1 ring mail of the Known World {rElec rF+} (You found it on level 5 of the Vaults)
 60106 | Vaults:5 | Got a smoking steel ring
 60176 | Vaults:5 | Identified the ring of Darkness {SustAt Str+4 Dex+4} (You found it on level 5 of the Vaults)
 60181 | Vaults:5 | Identified the ring of Starshine {MP+9 Stlth-} (You found it on level 5 of the Vaults)
 60199 | Vaults:5 | Identified the +5 hand axe of Purpose {antimagic, rN+} (Trog gifted it to you on level 5 of the Vaults)
 61078 | Hell     | Entered the Vestibule of Hell
 61078 | Hell     | Noticed Geryon
 61100 | Hell     | Received a gift from Trog
 61117 | Hell     | Killed Geryon
 61375 | Hell     | Found a gateway to the Iron City of Dis.
 61476 | Hell     | Found a gateway to the ashen valley of Gehenna.
 61680 | Hell     | Found a gateway to the freezing wastes of Cocytus.
 61732 | Hell     | Found a gateway to the decaying netherworld of Tartarus.
 61958 | Zot:1    | Entered Level 1 of the Realm of Zot
 62214 | Zot:1    | Received a gift from Trog
 62982 | Zot:2    | Noticed Elystan's ghost (legendary FeEn)
 63035 | Zot:2    | Killed Elystan's ghost
 63471 | Zot:2    | Noticed an orb of fire
 63472 | Zot:2    | Gained mutation: Your magical capacity is low (-10% MP). [an orb of fire]
 63475 | Zot:2    | Gained mutation: Scrolls take you a little longer to read. [an orb of fire]
 63480 | Zot:2    | Gained mutation: You are dopey. (Int -2) [an orb of fire]
 63488 | Zot:2    | Gained mutation: You are occasionally teleported next to monsters. [an orb of fire]
 63495 | Zot:2    | Killed an orb of fire
 63539 | Zot:2    | Reached skill level 10 in Dodging
 63638 | Zot:3    | Noticed an orb of fire
 63638 | Zot:3    | Lost mutation: You evolve. [an orb of fire]
 63645 | Zot:3    | Gained mutation: You are clumsy. (Dex -2) [an orb of fire]
 63661 | Zot:3    | Killed an orb of fire
 64085 | Zot:3    | Received a gift from Trog
 64519 | Zot:4    | Lost mutation: Your body sometimes deteriorates upon taking damage. [mutagenic meat]
 64722 | Zot:4    | Got a glittering ivory ring
 64724 | Zot:4    | Identified the ring "Ditasim" {rF++ Str+3 Int+2} (You found it on level 4 of the Realm of Zot)
 64886 | Zot:4    | Found a burning altar of Makhleb.
 65552 | Zot:5    | Entered Level 5 of the Realm of Zot
 65622 | Zot:5    | Noticed an orb of fire
 65632 | Zot:5    | Reached skill level 15 in Dodging
 65643 | Zot:5    | Gained mutation: You are frail (-10% HP). [an orb of fire]
 65646 | Zot:5    | HP: 7/245 [electric golem (19)]
 65646 | Zot:5    | HP: 3/245 [Killer Klown (2)]
 65646 | Zot:5    | Slain by an Orb Guardian

Skill      XL: |  1  2  3  4  5  6  7  8  9 10 11 12 13 14 15 16 17 18 19 20 21 22 23 24 25 26 27 |
---------------+----------------------------------------------------------------------------------+-----
Axes           | 5 6 7 8 10 11 14 16 19 21 24 26 27 | 27.0
Evocations     | 1 12 17 21 | 21.0
Crossbows      | 1 2 |  2.0
Armour         | 10 15 18 21 23 25 27 | 27.0
Fighting       | 7 15 20 23 26 27 | 27.0
Dodging        | 15 | 15.0

Action                   |  1- 3 |  4- 6 |  7- 9 | 10-12 | 13-15 | 16-18 | 19-21 | 22-24 | 25-27 || total
-------------------------+-------+-------+-------+-------+-------+-------+-------+-------+-------++-------
Melee: Hand axe          |    81 |   168 |   103 |       |       |       |       |       |       ||   352
       Flail             |       |    23 |       |       |       |       |       |       |       ||    23
       Battleaxe         |       |       |   162 |   518 |   695 |    59 |  1198 |   363 |       ||  2995
       War axe           |       |       |       |   105 |       |       |       |       |       ||   105
       Executioner's axe |       |       |       |       |   478 |  1163 |       |   983 |  1448 ||  4072
       Headbutt          |       |       |       |       |       |    14 |    83 |       |       ||    97
       Kick              |       |       |       |       |       |       |       |   417 |   684 ||  1101
Invok: Berserk           |     4 |     9 |    11 |    30 |    41 |    15 |    14 |     8 |    12 ||   144
       Trog's Hand       |       |     1 |     2 |     1 |     1 |    12 |    10 |     5 |    17 ||    49
       Brothers in Arms  |       |       |     1 |     1 |    11 |     5 |     8 |       |     2 ||    28
       Burn Spellbooks   |       |       |       |     2 |     6 |     4 |     5 |     5 |     4 ||    26
 Abil: Blink             |       |       |       |       |       |       |     1 |     5 |     3 ||     9
Evoke: Wand              |       |       |       |     8 |       |     4 |    15 |     4 |    15 ||    46
       Deck              |       |       |       |       |       |     2 |     3 |       |     3 ||     8
  Use: Scroll            |       |       |    16 |    10 |    17 |    10 |    17 |    14 |    12 ||    96
       Potion            |       |       |     5 |     5 |    11 |     5 |     4 |     2 |    11 ||    43
 Stab: Petrified         |       |       |       |       |       |     7 |       |       |       ||     7
       Petrifying        |       |       |       |       |       |     2 |       |       |       ||     2
       Distracted        |       |       |       |       |       |       |     3 |     2 |     1 ||     6
  Eat: Chunk             |     3 |    16 |    11 |    48 |    75 |    47 |    41 |    26 |    31 ||   298
       Bread ration      |       |       |     2 |     5 |       |     1 |       |     3 |     2 ||    13
       Beef jerky        |       |       |     1 |     1 |     4 |     2 |     4 |     1 |     1 ||    14
       Pizza             |       |       |       |     4 |       |     4 |       |     2 |       ||    10
       Fruit             |       |       |       |       |     6 |    18 |     7 |     2 |     6 ||    39
       Meat ration       |       |       |       |       |       |     1 |       |       |     1 ||     2
       Royal jelly       |       |       |       |       |       |       |     1 |       |       ||     1
Armor: Animal skin       |     8 |       |       |       |       |       |       |       |       ||     8
       Scale mail        |    20 |    72 |    26 |       |       |       |       |       |       ||   118
       Ring mail         |       |       |    62 |    91 |       |       |       |       |       ||   153
       Plate armour      |       |       |       |   168 |    54 |       |       |       |       ||   222
       Crystal plate arm |       |       |       |       |   656 |   730 |  1007 |  1102 |  1503 ||  4998
Dodge: Dodged            |    39 |   123 |   110 |   176 |   231 |   300 |   384 |   427 |   632 ||  2422
